AoeStats
← SeemsFishy

Arena

508280322Analyzed
4v4 RM · 9d ago on Sep 21, 2026· 39m 59s· 8 players
Game mode
Random Map
Map size
Large (8 player)
Population
200
Speed
Normal
Resources
Standard
Victory
Conquest
Starting age
Dark Age
Ending age
Imperial Age
RankedLock teamsTeams togetherTeam positionsShared explorationLock speedFull tech treeHidden civsTurbo modeCheats
Victory
Defeat
🇺🇸 Slavs · United States
1425
+15
🇧🇷 Khmer · Brazil
1422
+15
🇨🇴 Byzantines · Colombia
1421
+15
🇬🇧 Hindustanis · United Kingdom
1413
+16
🇦🇷 Bohemians · Argentina
1463
-17
🇦🇿 Poles · Azerbaijan
1414
-16
🇦🇷 Khmer · Argentina
1406
-15
🇦🇷 Ethiopians · Argentina
1354
-13
SeemsFishy
10:25 Feudal Age
15:11 Castle Age
13:50 Double-Bit Axe
13:52 Horse Collar
17:04 Bow Saw
17:03 Heavy Plow
17:00 Loom
18:56 Town Watch
20:05 Gold Mining
23:07 Wheelbarrow
24:03 Stone Mining
24:51 Gold Shaft Mining
25:43 Hand Cart
26:25 Stone Shaft Mining
28:57 Imperial Age
28:06 Scale Mail Armor
28:19 Forging
28:11 Padded Archer Armor
28:32 Fortified Wall
28:34 Masonry
29:44 Chain Mail Armor
30:41 Chemistry
31:15 Two-Man Saw
31:03 Iron Casting
29:58 Elite Ghulam
31:50 Conscription
34:38 Blast Furnace
33:40 Padded Archer Armor
34:24 Conscription
36:19 Scale Barding Armor
36:00 Heavy Camel Rider
37:28 Bloodlines
37:18 Husbandry
37:26 Imperial Camel Rider
39:36 Chain Barding Armor
[MLTS] RKotzen
5:34 Loom
8:11 Feudal Age
17:44 Fletching
24:33 Castle Age
24:09 Horse Collar
24:16 Double-Bit Axe
25:35 Bow Saw
25:29 Heavy Plow
32:13 Wheelbarrow
35:33 Imperial Age
33:27 Gold Mining
36:11 Onager
38:34 Chemistry
37:52 Elite Cataphract
38:53 Conscription
38:38 Stone Mining
38:49 Heavy Plow
39:25 Gold Shaft Mining
39:12 Treadmill Crane
40:30 Stone Shaft Mining
40:26 Scale Barding Armor
40:40 Forging
AML4554
10:54 Feudal Age
15:24 Castle Age
13:32 Double-Bit Axe
13:46 Horse Collar
15:45 Bloodlines
17:38 Scale Barding Armor
21:52 Bow Saw
21:43 Heavy Plow
22:21 Wheelbarrow
24:24 Man-at-Arms
26:39 Hand Cart
27:52 Loom
28:25 Town Watch
32:10 Imperial Age
31:03 Stone Mining
31:03 Gold Mining
31:29 Scale Mail Armor
31:39 Forging
31:22 Pikeman
32:03 Squires
32:34 Chain Mail Armor
32:22 Detinets
33:23 Conscription
33:20 Druzhina
34:38 Halberdier
36:39 Plate Mail Armor
36:44 Iron Casting
36:29 Murder Holes
36:40 Siege Engineers
36:46 Masonry
38:01 Caravan
38:34 Coinage
37:52 Capped Ram
40:30 Blast Furnace
39:55 Siege Ram
Ringss12x
10:23 Feudal Age
13:06 Castle Age
11:16 Double-Bit Axe
14:51 Wheelbarrow
15:55 Bow Saw
20:51 Hand Cart
22:38 Horse Collar
23:57 Loom
25:29 Town Watch
26:49 Gold Mining
26:54 Stone Mining
30:34 Imperial Age
28:50 Gold Shaft Mining
29:59 Scale Barding Armor
30:05 Bloodlines
29:56 Husbandry
30:38 Ballistics
31:15 Chain Barding Armor
31:03 Elite Ballista Elephant
32:04 Conscription
31:48 Double Crossbow
33:48 Chemistry
32:54 Siege Engineers
34:34 Plate Barding Armor
33:50 Light Cavalry
34:41 Forging
35:16 Hussar
37:15 Iron Casting
38:40 Masonry
39:58 Blast Furnace
我放了个屁她顺风追了
11:18 Feudal Age
15:14 Castle Age
13:33 Double-Bit Axe
13:45 Horse Collar
15:24 Wheelbarrow
16:48 Bow Saw
17:15 Heavy Plow
21:04 Loom
21:18 Loom
27:13 Imperial Age
25:10 Gold Mining
26:06 Scale Barding Armor
26:12 Forging
27:12 Chain Barding Armor
26:49 Stone Mining
27:23 Bloodlines
27:13 Husbandry
27:24 Cavalier
28:55 Iron Casting
28:52 Hand Cart
28:22 Town Watch
29:10 Crop Rotation
29:25 Szlachta Privileges
30:16 Conscription
31:15 Blast Furnace
31:11 Fletching
31:16 Capped Ram
ValkriaN
11:11 Feudal Age
12:10 Double-Bit Axe
15:03 Castle Age
13:33 Horse Collar
16:05 Bow Saw
15:58 Loom
19:19 Town Watch
21:32 Wheelbarrow
22:56 Heavy Plow
24:01 Town Patrol
24:20 Hand Cart
24:57 Gold Mining
27:29 Gold Shaft Mining
30:17 Imperial Age
29:32 Squires
29:39 Stone Mining
30:49 Forging
30:39 Scale Mail Armor
30:28 Arson
32:03 Chemistry
31:09 Torsion Engines
31:30 Conscription
30:33 Onager
34:11 Siege Onager
35:17 Ballistics
35:02 Siege Engineers
34:38 Halberdier
36:46 Iron Casting
36:26 Chain Mail Armor
Karlak
10:27 Feudal Age
8:44 Loom
18:32 Castle Age
16:59 Fletching
29:50 Horse Collar
29:56 Double-Bit Axe
31:54 Fervor
37:37 Imperial Age
36:22 Heavy Plow
36:33 Bow Saw
GGINDU
10:15 Feudal Age
14:27 Castle Age
13:55 Double-Bit Axe
13:52 Horse Collar
16:09 Wheelbarrow
20:15 Heavy Plow
20:46 Bow Saw
22:08 Loom
22:09 Town Watch
22:39 Gold Mining
24:26 Bloodlines
26:43 Forging
26:38 Scale Barding Armor
27:42 Husbandry
28:40 Iron Casting
29:18 Hand Cart
29:53 Town Patrol
34:22 Imperial Age
31:34 Light Cavalry
35:02 Heavy Scorpion
Connection lost

Rejoining the realm…

Still unreachable

The connection could not be restored.

Session expired

The server has moved on; the page needs a fresh start.